 Dungeon Sprint DCSS version bcrawl-1.40.3b (webtiles) character file.

Game seed: 3504296038227747960

113784 Groucho the Sneak (level 2, -1/14 HPs)
             Began as a Spriggan Enchanter on Dec 26, 2023.
             Slain by a necrophage (2 damage)
             ... in the Dungeon (Sprint II: "The Violet Keep of Menkaure").
             The game lasted 00:01:03 (142 turns).

Groucho the Sneak (Spriggan Enchanter)               Turns: 142, Time: 00:01:04

Health: -1/14      AC:  2    Str:  4    XL:     2   Next: 10%
Magic:  7/7        EV: 19    Int: 16    God:
Gold:   243        SH:  0    Dex: 16    Spells: 6/7 levels left

rFire    . . .     GDR:     28% a - +1 dagger
rCold    . . .     SeeInvis +   (shield restricted)
rNeg     . . .     Gourm    .   b - +0 robe
rPois    .         Faith    .   (helmet restricted)
rElec    .         Spirit   .   (no cloak)
rCorr    .         Reflect  .   (gloves unavailable)
MR       .....     NoTele   +   (boots unavailable)
Stlth    +++.......             (no amulet)
HPRegen  0.12/turn              (no ring)
MPRegen  0.10/turn              (no ring)

@: very slightly contaminated, hasted, invisible, very quick
A: very small, unfitting armour, see invisible, herbivore, speed 3, slow
metabolism 2
a: no special abilities


You were in the Dungeon.
You were not hungry.

You visited 1 branch You collected 243 gold pieces.

Inventory:

Hand Weapons
 a - a +1 dagger (weapon)
Armour
 b - a +0 robe (worn)
Scrolls
 d - a scroll of fog
 l - a scroll of blinking
Potions
 g - a potion of curing
 h - a potion of heal wounds
 j - 2 potions of magic
 k - a potion of berserk rage
Comestibles
 e - a ration {!d}


   Skills:
 + Level 1.1 Fighting
 + Level 2.2 Short Blades
 + Level 4.0 Dodging
 + Level 5.5 Stealth
 + Level 3.3 Spellcasting
 + Level 4.2 Hexes


You had 6 spell levels left.
You knew the following spells:

 Your Spells              Type           Power        Failure   Level  Hunger
a - Slow                  Hex            ###.....     3%          1    None

Your spell library contained the following spells:

 Spells                   Type           Power        Failure   Level  Hunger
 Confuse                  Hex            ###.....     10%         3    ####...
 Tukima's Dance           Hex            ###.....     10%         3    ####...
 Ensorcelled Hibernation  Hex/Ice        #.....       12%         2    #......
 Dazzling Orbs            Conj/Hex       #......      22%         3    ####...
 Cause Fear               Hex            ###.......   32%         4    #####..


Dungeon Overview and Level Annotations

Branches:
Dungeon (1/1)

Altars:


Innate Abilities, Weirdness & Mutations

You are very small and have problems with some larger weapons.
You are too small for most types of armour.
You have supernaturally acute eyesight. (SInv)
You are a herbivore.
You cover ground extremely quickly.
You need to consume almost no food.


Message History

You close the door.
You open the door. 4 necrophages come into view.
You have encountered a dangerous foe!
No path to travel!
There is an open door here.
The helpless necrophage fails to defend itself.
You impale the necrophage!!
The necrophage is almost destroyed.
No path to travel!
No path to travel!
You barely miss the necrophage.
The necrophage is almost destroyed.
The necrophage misses you. The necrophage closely misses you.
No path to travel!
You strike the helpless necrophage from behind!
You impale the necrophage!!
You destroy the necrophage!
The necrophage hits you.
You die...

## ## ##. .##
.w w. ## .#$
## ##n#
#+###†#
#.n.##.##.###
+$##'.<.'##.+
#..@##.##...#
##n###+###.##
## #H#H####
#.# #.# ## ##


You could see a necrophage.

Vanquished Creatures
  A necrophage (D)
  3 worms (D)
4 creatures vanquished.

Notes
Turn   | Place    | Note
-------+----------+-------------------------------------------
     0 | D        | Groucho the Spriggan Enchanter began the quest for the Orb.
     0 | D        | Reached XP level 1. HP: 9/9 MP: 5/5
   103 | D        | Noticed a tyrant leech
   103 | D        | Noticed a tyrant leech
   110 | D        | Reached skill level 5 in Stealth
   119 | D        | Reached skill level 1 in Fighting
   122 | D        | Reached XP level 2. HP: 14/14 MP: 7/7
   129 | D        | Noticed a hippogriff
   129 | D        | Noticed a hippogriff
   137 | D        | Noticed a necrophage
   137 | D        | Noticed a necrophage
   137 | D        | Noticed a necrophage
   137 | D        | Noticed a necrophage
   142 | D        | Killed a necrophage
   142 | D        | Slain by a necrophage

Skill      XL: |  1 |
---------------+----+-----
Stealth        | 5 |  5.5
Spellcasting   | 3 |  3.3
Fighting       | 1 |  1.1
Short Blades   | 2 |  2.2
Hexes          | 4 |  4.2
Dodging        | 4 |  4.0

Action                   || total
-------------------------++-------
Melee: Dagger            ||    15
  Use: Potion            ||     2
 Stab: Invisible         ||     3
       Sleeping          ||     2
Armor: Robe              ||     1
Dodge: Dodged            ||    13
